 Dungeon Crawl Stone Soup version 0.23.2-33-g5129a83184 (webtiles) character file.

Game seed: 15507162586326574649

21680 Electrofox the Tainter (level 12, -5/94 HPs)
             Began as a Red Draconian Venom Mage on Aug 4, 2019.
             Was a High Priest of Sif Muna.
             Slain by a black mamba (10 damage)
             ... on level 4 of the Lair of Beasts on Aug 6, 2019.
             The game lasted 03:00:53 (23480 turns).

Electrofox the Tainter (Red Draconian Venom Mage)  Turns: 23480, Time: 03:00:54

Health: -5/94      AC: 12    Str: 11    XL:     12   Next: 56%
Magic:  12/24      EV: 14    Int: 21    God:    Sif Muna [*****.]
Gold:   821        SH:  4    Dex: 11    Spells: 2/27 levels left

rFire    + . .     SeeInvis .   a - +5 trident (freeze)
rCold    . . .     Gourm    .   (no shield)
rNeg     . . .     Faith    .   (armour unavailable)
rPois    .         Spirit   .   (helmet restricted)
rElec    .         Reflect  +   L - +0 cloak
rCorr    .         Harm     .   c - +1 pair of gloves
MR       +....                  G - +0 pair of boots
Stlth    ++........             S - +4 amulet of reflection
HPRegen  0.25/turn              (no ring)
MPRegen  0.19/turn              f - ring of protection from magic

@: lethally poisoned (-5 -> -27)
A: breathe fire, unfitting armour, fire resistance 1, cold-blooded, AC +8
a: Breathe Fire, Divine Energy, Channel Magic, Forget Spell, Renounce Religion


You were on level 4 of the Lair of Beasts.
You worshipped Sif Muna.
Sif Muna was extremely pleased with you.
You were not hungry.

You visited 3 branches of the dungeon, and saw 17 of its levels.

You collected 821 gold pieces.

Inventory:

Hand Weapons
 a - a +5 trident of freezing (weapon)
 b - a +2 hunting sling of flaming
 A - a +1 whip of flaming
 F - the +8 trident of Odwachib {pierce, *Noise rN+ MR- Dex+8}
   (You took it off a centaur on level 8 of the Dungeon)

   It inflicts extra damage upon your enemies.
   It affects your dexterity (+8).
   It protects you from negative energy.
   It affects your resistance to hostile enchantments.
   It may make noises in combat.
 O - a +3 blowgun
Missiles
 r - 78 sling bullets
 Q - 2 curare-tipped needles
Armour
 c - a +1 pair of gloves (worn)
 G - a +0 pair of boots (worn)
 L - a +0 cloak (worn)
Jewellery
 f - a ring of protection from magic (right hand)
 t - an uncursed amulet of the acrobat
 S - a +4 amulet of reflection (around neck)
Wands
 j - a wand of acid (36)
 v - a wand of scattershot (6)
 z - a wand of iceblast (19)
 B - a wand of digging (10)
 H - a wand of enslavement (10)
 K - a wand of flame (59)
 M - a wand of paralysis (4)
 T - a wand of polymorph (12)
Scrolls
 e - a scroll of fear {unknown}
 g - a scroll of immolation {unknown}
 i - 9 scrolls of remove curse
 n - 4 scrolls of identify
 p - 2 scrolls of enchant armour
 s - 7 scrolls of teleportation
 u - 3 scrolls of magic mapping {unknown}
 w - 4 scrolls of enchant weapon {unknown}
 y - a scroll of brand weapon {unknown}
 D - 2 scrolls of fog {unknown}
 N - 2 scrolls of random uselessness {unknown}
 P - a scroll of acquirement {unknown}
Potions
 h - 5 potions of heal wounds
 k - 2 potions of mutation
 m - 3 potions of ambrosia
 o - 2 potions of might
 q - 2 potions of flight
 x - a potion of agility
 C - a potion of brilliance
 J - 7 potions of curing
 R - a potion of invisibility
 U - 2 potions of magic
Comestibles
 d - 13 chunks of flesh
 l - 23 rations


   Skills:
 - Level 5.0 Fighting
 * Level 8.4 Polearms
 - Level 6.0 Dodging
 - Level 1.7 Stealth
 - Level 8.0 Spellcasting
 - Level 8.0 Conjurations
 + Level 1.8 Ice Magic
 - Level 8.0 Air Magic
 + Level 2.2 Earth Magic
 - Level 11.0 Poison Magic


You had 2 spell levels left.
You knew the following spells:

 Your Spells              Type           Power        Failure   Level  Hunger
a - Sting                 Conj/Pois      ####         1%          1    None
b - Mephitic Cloud        Conj/Pois/Air  #####...     1%          3    None
c - Olgreb's Toxic Radia  Pois           ######..     1%          4    ###....
d - Venom Bolt            Conj/Pois      #####.....   4%          5    #####..
e - Stone Arrow           Conj/Erth      ####..       3%          3    None
f - Lightning Bolt        Conj/Air       #####.....   9%          5    #####..
g - Throw Icicle          Conj/Ice       ####....     11%         4    ###....

Your spell library contained the following spells:

 Spells                   Type           Power        Failure   Level  Hunger
 Poisonous Vapours        Pois/Air       #####.       1%          2    None
 Beastly Appendage        Tmut           #.....       8%          1    None
 Pain                     Necr           #...         8%          1    None
 Sticks to Snakes         Tmut           #.......     12%         2    None
 Sublimation of Blood     Necr           #.........   12%         2    None
 Spider Form              Tmut/Pois      ####......   2%          3    None
 Alistair's Intoxication  Tmut/Pois      ####....     22%         5    #####..
 Regeneration             Chrm/Necr      #.........   24%         3    None
 Vampiric Draining        Necr           #.........   24%         3    None
 Ice Form                 Ice/Tmut       ##......     47%         4    ###....
 Animate Dead             Necr           N/A          61%         4    ###....
 Blade Hands              Tmut           #.........   91%         5    #####..
 Dispel Undead            Necr           #.......     91%         5    #####..
 Spellforged Servitor     Conj/Summ      ####......   100%        7    #######


Dungeon Overview and Level Annotations

Branches:
Dungeon (12/15)            Temple (1/1) D:4            Lair (4/6) D:9
 Shoals (0/4) Lair:2       Spider (0/4) Lair:3          Orc (0/2) D:10

Altars:
Ashenzari
Cheibriados
Dithmenos
Elyvilon
Fedhas
Gozag
Hepliaklqana
Kikubaaqudgha
Makhleb
Nemelex Xobeh
Okawaru
Qazlal
Ru
Sif Muna
Trog
Uskayaw
Vehumet
Wu Jian
Xom
Yredelemnul
Zin
The Shining One
Lugonu

Shops:
D:12 (

Annotations:
D:2 exclusion: downstairs
D:7 exclusion: 8 doors
D:9 exclusion: door
D:10 exclusion: crocodile
D:11 exclusion: ugly thing
Lair:2 exclusions: black mamba, downstairs and merfolk siren
Lair:3 exclusions: downstairs and redback
Lair:4 exclusion: black mamba


Innate Abilities, Weirdness & Mutations

You can breathe blasts of fire.
Your fiery red scales are hard. (AC +8)
You cannot fit into any form of body armour.
Your flesh is heat resistant. (rF+)
You are cold-blooded and may be slowed by cold attacks.


Message History

Aim: a black mamba (heavily wounded)
The stone arrow hits the black mamba!
The black mamba is almost dead.
The black mamba bites you!
* * * LOW HITPOINT WARNING * * *
You are lethally poisoned!
The black mamba poisons you! The black mamba closely misses you.
Casting: Stone Arrow (safe; 3% risk of failure)
Confirm with . or Enter, or press ? or * to list all spells.
Aiming: Stone Arrow (safe; 3% risk of failure)
Press: ? - help, Shift-Dir - straight line, f/p - black mamba
Aim: a black mamba (almost dead)
You miscast Stone Arrow.
Sif Muna protects you from the effects of your miscast!
* * * LOW HITPOINT WARNING * * *
You feel very sick. The black mamba bites you!
* * * LOW HITPOINT WARNING * * *
The black mamba bites you!
You die...

.. .# .# ## .## ###
#.# ###.#..##
#.P#..###.. .......
........... #..S#
#....[.... #@#
#........P ##.###
##......... #....##
#.........#
P##.##.###........÷.
................÷..÷÷
..###....#####.PP##.#
#. #.#...# ##.######
# ###...####...# ## #
##..)##....# #.


You could see a black mamba.

Vanquished Creatures
  2 two-headed ogres
  Pikel (D:4)
  A black mamba (Lair:2)
  2 centaur skeletons
  6 spiny frogs
  A kobold demonologist (D:11)
  3 komodo dragons
  A polar bear (Lair:2)
  A troll (D:9)
  6 blink frogs
  6 dream sheep (Lair:4)
  6 hippogriffs
  2 redbacks (Lair:3)
  2 basilisks
  15 yaks
  2 wyverns
  2 humans (D:9)
  Menkaure (D:6)
  5 water moccasins
  Duvessa (D:5)
  5 porcupines
  A necrophage (D:6)
  5 sky beasts
  An ice beast (D:6)
  4 phantoms
  3 slaves (D:4)
  2 orc warriors (D:9)
  7 black bears
  4 ogres
  12 wolves
  5 centaurs
  10 crocodiles
  15 big kobolds
  8 bullfrogs
  A water moccasin skeleton (D:10)
  Dowan (D:5)
  5 scorpions
  3 killer bees (D:8)
  9 wights
  6 howler monkeys
  A centaur zombie (D:5)
  8 crimson imps
  A bullfrog zombie (D:8)
  A quasit (D:3)
  A gnoll shaman (D:7)
  6 orc priests
  11 hounds
  11 orc wizards
  2 jellies
  Natasha (thrice) (D:3)
  3 iguanas
  10 worker ants
  2 worker ant zombies
  3 gnolls (D:7)
  6 adders
  3 shadow imps (D:9)
  An ooze (D:2)
  2 adder skeletons (D:4)
  An adder zombie (D:8)
  6 worms
  9 leopard geckos
  31 orcs
  A ball python (D:3)
  4 giant cockroaches
  10 goblins
  6 hobgoblins
  2 jackals (D:3)
  5 quokkas
  7 bats
  7 frilled lizards
  A jackal skeleton (D:6)
  21 kobolds
  7 rats
  A fungus (Lair:2)
367 creatures vanquished.

Vanquished Creatures (others)
  15 fungi
  9 plants
24 creatures vanquished.

Grand Total: 391 creatures vanquished

Notes
Turn   | Place    | Note
-------+----------+-------------------------------------------
     0 | D:1      | Electrofox the Draconian Venom Mage began the quest for the
                  | Orb.
     0 | D:1      | Reached XP level 1. HP: 14/14 MP: 3/3
   468 | D:1      | Reached XP level 2. HP: 18/20 MP: 3/5
  1120 | D:2      | Reached XP level 3. HP: 26/26 MP: 0/6
  1737 | D:2      | Reached XP level 4. HP: 26/33 MP: 5/9
  1745 | D:2      | Learned a level 3 spell: Mephitic Cloud
  2034 | D:3      | Reached XP level 5. HP: 38/38 MP: 4/10
  2050 | D:3      | Reached skill level 1 in Air Magic
  2081 | D:3      | Noticed Natasha
  2200 | D:3      | Found an ornate altar of the Wu Jian Council.
  2284 | D:3      | Found a stormy altar of Qazlal.
  3246 | D:4      | Found a staircase to the Ecumenical Temple.
  3253 | Temple   | Entered the Ecumenical Temple
  3293 | Temple   | Became a worshipper of Sif Muna the Loreminder
  3390 | D:4      | Reached skill level 4 in Poison Magic
  3481 | D:4      | Noticed a slave
  3910 | D:4      | Found a glowing silver altar of Zin.
  3932 | D:4      | Reached XP level 6. HP: 45/45 MP: 8/11
  3995 | D:4      | Reached skill level 5 in Poison Magic
  4630 | D:4      | Found a blossoming altar of Fedhas.
  4630 | D:4      | Found a hide-covered altar of Uskayaw.
  4631 | D:4      | Found a basalt altar of Yredelemnul.
  4709 | D:4      | Your scales start taking on a fiery red colour.
  4709 | D:4      | Reached XP level 7. HP: 34/50 MP: 12/14
  4709 | D:4      | Gained mutation: Your flesh is heat resistant. (rF+) [Red
                  | Draconian growth]
  4736 | D:4      | Learned a level 4 spell: Olgreb's Toxic Radiance
  4830 | D:4      | Noticed Pikel
  4840 | D:4      | Reached skill level 5 in Spellcasting
  4908 | D:4      | Killed Pikel
  4908 | D:4      | Reached * piety under Sif Muna
  5216 | D:3      | Killed Natasha
  5216 | D:3      | Reached XP level 8. HP: 48/57 MP: 15/18
  5280 | D:3      | Found a stormy altar of Qazlal.
  5927 | D:3      | Noticed Natasha
  5936 | D:3      | Killed Natasha
  6052 | D:3      | Found a stormy altar of Qazlal.
  6059 | D:3      | Noticed Natasha
  6073 | D:3      | Killed Natasha
  6216 | D:5      | Entered Level 5 of the Dungeon
  6216 | D:5      | Found an ornate altar of the Wu Jian Council.
  6294 | D:5      | Noticed Duvessa
  6294 | D:5      | Noticed Dowan
  6312 | D:5      | Killed Dowan
  6322 | D:5      | Killed Duvessa
  7296 | D:5      | Found a snail-covered altar of Cheibriados.
  7449 | D:6      | Reached ** piety under Sif Muna
  7449 | D:6      | Reached skill level 6 in Poison Magic
  7609 | D:6      | Found a glowing golden altar of the Shining One.
  7674 | D:6      | Found a sacrificial altar of Ru.
  7846 | D:6      | Reached skill level 7 in Poison Magic
  8147 | D:6      | Reached XP level 9. HP: 58/60 MP: 14/21
  8377 | D:6      | Reached skill level 5 in Conjurations
  8730 | D:6      | Noticed Menkaure
  8740 | D:6      | Killed Menkaure
  8740 | D:6      | Reached skill level 1 in Fighting
  8753 | D:6      | Learned a level 5 spell: Venom Bolt
  8877 | D:6      | Found a radiant altar of Vehumet.
  8877 | D:6      | Found a burning altar of Makhleb.
  9456 | D:6      | Found a bloodstained altar of Trog.
 10035 | D:7      | Reached *** piety under Sif Muna
 10522 | D:7      | Reached skill level 5 in Fighting
 10748 | D:8      | Reached skill level 5 in Dodging
 10925 | D:8      | Identified the +8 trident of Odwachib {pierce, *Noise rN+
                  | MR- Dex+8}
 11627 | D:7      | Reached XP level 10. HP: 79/79 MP: 11/22
 12054 | D:8      | Found a shadowy altar of Dithmenos.
 12066 | D:8      | Noticed a two-headed ogre
 12161 | D:8      | Killed a two-headed ogre
 12161 | D:8      | Reached **** piety under Sif Muna
 12161 | D:8      | Reached skill level 8 in Poison Magic
 12771 | D:9      | Reached skill level 9 in Poison Magic
 13536 | D:9      | Reached skill level 10 in Poison Magic
 14110 | D:8      | Reached ***** piety under Sif Muna
 14110 | D:8      | Identified Dasholay's Almanac of Dark Conjuration (Sif Muna
                  | gifted it to you on level 8 of the Dungeon)
 14110 | D:8      | Received a gift from Sif Muna
 14155 | D:9      | Found a staircase to the Lair.
 14346 | D:9      | Reached skill level 11 in Poison Magic
 14479 | D:9      | Found an iron altar of Okawaru.
 14494 | D:9      | Noticed a two-headed ogre
 14496 | D:9      | Reached XP level 11. HP: 76/84 MP: 15/23
 14982 | D:9      | Killed a two-headed ogre
 14993 | D:9      | Learned a level 3 spell: Stone Arrow
 15244 | D:10     | Entered Level 10 of the Dungeon
 15685 | D:10     | Found a staircase to the Orcish Mines.
 16302 | D:11     | Reached skill level 5 in Air Magic
 16353 | D:11     | Noticed a cyan ugly thing
 16647 | D:11     | Found the +7 longbow "Piercer" {penet, EV-2}
 17393 | D:11     | Learned a level 5 spell: Lightning Bolt
 17406 | D:12     | Noticed a purple ugly thing
 17417 | D:12     | Noticed a skeletal warrior
 17419 | D:12     | Noticed a skeletal warrior
 17469 | D:12     | Found Liketoigg's Antique Weapon Shoppe.
 17545 | Lair:1   | Entered Level 1 of the Lair of Beasts
 17827 | Lair:1   | Reached skill level 1 in Polearms
 18974 | Lair:2   | Found a staircase to the Shoals.
 19175 | Lair:2   | Reached skill level 5 in Polearms
 19673 | Lair:2   | Reached XP level 12. HP: 92/92 MP: 20/24
 20037 | Lair:2   | Learned a level 4 spell: Throw Icicle
 20748 | Lair:3   | Identified Sif Muna's Disquisition on Venom and Dark
                  | Secrets (Sif Muna gifted it to you on level 3 of the Lair
                  | of Beasts)
 20748 | Lair:3   | Received a gift from Sif Muna
 20797 | Lair:3   | Found a hole to the Spider Nest.
 22720 | Lair:4   | Reached skill level 1 in Earth Magic
 22721 | Lair:4   | Reached skill level 1 in Ice Magic
 23480 | Lair:4   | Slain by a black mamba

Skill      XL: |  1  2  3  4  5  6  7  8  9 10 11 12 |
---------------+-------------------------------------+-----
Conjurations   | 2 3 4 5 8 |  8.0
Spellcasting   | 3 4 6 8 |  8.0
Air Magic      | 2 3 7 8 |  8.0
Poison Magic   | 4 5 7 11 | 11.0
Fighting       | 5 |  5.0
Dodging        | 5 6 |  6.0
Polearms       | 5 8 |  8.4
Earth Magic    | 2 |  2.2
Ice Magic      | 1 |  1.8
Stealth        | |  1.7

Action                   |  1- 3 |  4- 6 |  7- 9 | 10-12 || total
-------------------------+-------+-------+-------+-------++-------
Melee: Unarmed           |    17 |       |       |       ||    17
       Short sword       |    34 |    46 |    12 |       ||    92
       Tailslap          |     3 |     3 |    16 |    32 ||    54
       Dagger            |       |       |    27 |       ||    27
       Trident           |       |       |   118 |   411 ||   529
       Whip              |       |       |    32 |       ||    32
       Quarterstaff      |       |       |     3 |       ||     3
 Fire: Hunting sling     |    13 |    44 |    72 |     4 ||   133
 Cast: Sting             |    53 |    79 |   223 |   382 ||   737
       Mephitic Cloud    |       |     1 |    13 |    20 ||    34
       Olgreb's Toxic Ra |       |       |     3 |    11 ||    14
       Venom Bolt        |       |       |     3 |     8 ||    11
       Stone Arrow       |       |       |       |    40 ||    40
       Throw Icicle      |       |       |       |     7 ||     7
       Lightning Bolt    |       |       |       |     2 ||     2
Invok: Divine Energy     |       |       |       |     1 ||     1
       Stop Divine Energ |       |       |       |     1 ||     1
 Abil: Breathe Fire      |       |       |     8 |     6 ||    14
  Use: Scroll            |       |       |     2 |    19 ||    21
       Potion            |       |       |     1 |     4 ||     5
 Stab: Sleeping          |     2 |       |       |       ||     2
       Confused          |       |       |     4 |     3 ||     7
  Eat: Chunk             |     3 |     5 |     8 |    19 ||    35
       Ration            |       |     1 |     5 |     7 ||    13
Armor: Skin              |    11 |    12 |    79 |   177 ||   279
Dodge: Dodged            |    22 |    35 |   152 |   385 ||   594
Block: Other             |       |       |       |    57 ||    57
